 Dungeon Crawl Stone Soup version 0.31.0-4-g52a2dc7128 (webtiles) character file.

Game seed: 15232893115115248990

543 mtoz the Trooper (level 7, -7/44 HPs)
             Began as a Gargoyle Berserker on Jan 23, 2024.
             Was a Believer of Trog.
             Mangled by an orc warrior
             ... wielding a +0 dire flail
              (17 damage)
             ... on level 5 of the Dungeon.
             The game lasted 00:19:10 (4951 turns).

mtoz the Trooper (Gargoyle Berserker)               Turns: 4951, Time: 00:19:11

Health: -7/44      AC: 20    Str: 23    XL:     7   Next: 27%
Magic:  7/7        EV:  7    Int:  7    God:    Trog [**....]
Gold:   198        SH:  0    Dex:  9    Spells: 6/6 levels left

rFire   . . .        a - +0 hand axe (chaos)
rCold   . . .        (no shield)
rNeg    + . .        D - +0 plate armour
rPois   ∞            q - +0 helmet
rElec   +            m - +1 cloak {Stlth+}
rCorr   .            (no gloves)
SInv    .            (no boots)
Will    ++...        (no amulet) Stlth
                     (no ring)
HPRegen 1.27/turn    (no ring)
MPRegen 0.10/turn

%: no passive effects
@: strong-willed, regenerating
A: sickness immunity, AC +4, negative energy resistance 1, electricity
resistance, torment resistance 1, petrification resistance
a: Renounce Religion, Berserk, Trog's Hand


You were on level 5 of the Dungeon.
You worshipped Trog.
Trog was pleased with you.
You visited 2 branches of the dungeon, and saw 6 of its levels.
You also visited: Sewer.

You collected 198 gold pieces.

Inventory:

Hand Weapons
 a - a +0 hand axe of chaos (weapon)
Missiles
 x - 4 poisoned darts
 y - 3 darts of dispersal
Armour
 b - a +0 animal skin
 m - a +1 cloak of stealth (worn)
 o - a +1 scale mail of fire resistance
 p - a +0 ring mail
 q - a +0 helmet (worn)
 v - the +0 ring mail of Ravioli {Harm Dex+2}
   (You found it in a sewer)

   Dex+2:     It affects your dexterity (+2).
   Harm:      It increases damage dealt and taken.
 D - a +0 plate armour (worn)
Jewellery
 n - a ring of resist corrosion
 u - a ring of resist corrosion
Talismans
 E - a serpent talisman
Wands
 C - a wand of charming (10)
Scrolls
 c - a scroll of blinking
 d - 2 scrolls of enchant armour
 g - a scroll of vulnerability
 h - 3 scrolls of amnesia
 i - a scroll of summoning
 k - 3 scrolls of immolation
 l - a scroll of revelation
 w - 4 scrolls of teleportation
 A - 2 scrolls of identify
Potions
 e - a potion of attraction
 f - a potion of heal wounds
 j - 2 potions of lignification
 r - a potion of invisibility
 s - a potion of curing
 t - a potion of enlightenment


   Skills:
 + Level 4.9 Fighting
 + Level 4.1 Axes
 + Level 4.3 Armour
 + Level 3.2 Dodging
 + Level 2.5 Evocations


You had 6 spell levels left.
You didn't know any spells.
Your spell library was empty.

Dungeon Overview and Level Annotations

Branches:
Dungeon (5/15)             Temple (1/1) D:4           Sewer (visited)

Altars:
Ashenzari
Cheibriados
Dithmenos
Elyvilon
Fedhas
Gozag
Hepliaklqana
Makhleb
Nemelex Xobeh
Okawaru
Ru
Sif Muna
Trog
Vehumet
Wu Jian
Yredelemnul
Zin
The Shining One

Shops:
D:3 =   D:4 :


Innate Abilities, Weirdness & Mutations

You are immune to sickness and miasma.
Your stone body is resilient. (AC +4)
You are immune to poison.
You resist negative energy. (rN+)
You are resistant to electric shocks. (rElec)
You are resistant to unholy torment.
You are immune to petrification.


Message History

The orc warrior completely misses you. The orc priest barely misses you.
You hit the orc priest.
You feel better.
The orc priest is moderately wounded.
You barely miss the orc warrior.
The orc priest hits you but does no damage.
The orc warrior hits you but does no damage.
You hit the orc priest.
The orc priest is moderately wounded.
You closely miss the orc warrior. The orc priest barely misses you.
The orc warrior hits you but does no damage.
The orc priest hits you but does no damage.
You completely miss the orc priest.
The orc priest is moderately wounded.
You hit the orc warrior but do no damage.
The orc warrior flies into a frenzy!
The orc warrior hits you with a +0 dire flail!
The orc priest barely misses you.
The orc priest hits the orc warrior but does no damage.
The orc warrior barely misses you.
The orc priest hits you with a +0 hand axe.
The orc priest closely misses the orc warrior.
You barely miss the orc priest.
The orc priest is moderately wounded.
You hit the orc warrior but do no damage.
The orc warrior hits you but does no damage.
The orc priest hits you with a +0 hand axe.
The orc priest hits the orc warrior but does no damage.
The orc warrior hits you but does no damage.
You slash the orc priest!
The orc priest seems to slow down.
The orc priest is severely wounded.
You barely miss the orc warrior.
The orc priest hits you but does no damage.
The orc priest hits the orc warrior but does no damage.
The orc warrior hits you with a +0 dire flail!
* * * LOW HITPOINT WARNING * * *
You barely miss the orc priest.
The orc priest is severely wounded.
You hit the orc warrior.
The orc warrior hits you with a +0 dire flail!
You die...

####.##.........##.#
#.........))[.......
#...#...........##.#
#...#......<....##.#
+...+...#########..#
#...###.# ..#
........# ..#
.##.##..# ##o.#
........### ##@o.#
..........# ##..#.#
####....#.# ##..## #
#......###..##
#.#........#....#
.......>##.##....#
###.####.##.# ....#
... ...... ....# ..
.#.##.##....#


You could see an orc priest (fast, resistant, slow) and a neutral orc warrior
(fast, strong, frenzied, poisoned).

Vanquished Creatures
  An ogre (D:4)
  A crocodile (Sewer)
  A phantom (D:3)
  A jelly (D:3)
  A hound (D:4)
  An orc priest (D:4)
  An orc wizard (D:4)
  2 sleepcaps (D:4)
  Robin (D:2)
  3 adders
  A river rat (D:3)
  3 dart slugs
  8 orcs
  5 endoplasms
  4 giant cockroaches
  18 goblins
  4 hobgoblins
  7 jackals
  4 kobolds
  A quokka (D:4)
  6 ball pythons
  A bat (D:2)
  2 frilled lizards (D:1)
  4 rats
81 creatures vanquished.

Notes
Turn   | Place    | Note
-------+----------+-------------------------------------------
     0 | D:1      | mtoz the Gargoyle Berserker began the quest for the Orb.
     0 | D:1      | Reached XP level 1. HP: 14/14 MP: 1/1
   100 | D:1      | Reached XP level 2. HP: 18/19 MP: 2/2
   524 | D:2      | Reached XP level 3. HP: 19/23 MP: 3/3
   653 | D:2      | Reached ** piety under Trog
   664 | D:2      | Noticed Robin
   681 | D:2      | Killed Robin
   715 | D:2      | Reached XP level 4. HP: 26/29 MP: 4/4
  1578 | D:3      | Found Mygujase's Jewellery Shoppe.
  1592 | D:3      | Found a sparkling altar of Nemelex Xobeh.
  1633 | D:3      | Found a glowing drain.
  1637 | Sewer    | Entered a sewer
  1717 | Sewer    | Noticed a crocodile
  1734 | Sewer    | Killed a crocodile
  1735 | Sewer    | Reached skill level 1 in Evocations
  1735 | Sewer    | Reached XP level 5. HP: 33/33 MP: 5/5
  1743 | Sewer    | Identified the +0 ring mail of Ravioli {Harm Dex+2}
  2219 | D:3      | Noticed a phantom
  2227 | D:3      | Killed a phantom
  2228 | D:3      | Reached XP level 6. HP: 32/39 MP: 6/6
  4311 | D:4      | Found a broken altar of Ashenzari.
  4330 | D:4      | Reached XP level 7. HP: 25/44 MP: 7/7
  4619 | D:4      | Found Aniheit's Tiny Tomes.
  4668 | D:4      | Found a staircase to the Ecumenical Temple.
  4690 | Temple   | Entered the Ecumenical Temple
  4871 | D:5      | Entered Level 5 of the Dungeon
  4886 | D:5      | Found a white marble altar of Elyvilon.
  4951 | D:5      | Mangled by an orc warrior

Illustrated notes

Levels and vault maps discovered:
D:1:      wander_arrival_chamber, layout_rooms, minmay_misc_feat_pillars
D:2:      layout_basic, uniq_robin
D:3:      layout_basic, mainiacjoe_overflow_small_starburst, serial_shops, shop,
          gup_sewer_entry_bowl, kennysheep_generic_room_5
D:4:      layout_basic, nicolae_ashenzari_skybound,
          minmay_temple_entry_overgrown, nicolae_shop_i_like_small_books_too,
          minmay_goblin_outpost
D:5:      layout_basic, lemuel_round_altar, kennysheep_mini,
          minmay_strange_pillars, st_stairs_13, kennysheep_dice,
          uniq_crazy_yiuf_cottage
Temple:   eino_wide_crystal_templ

Skill      XL: |  1  2  3  4  5  6 |
---------------+-------------------+-----
Axes           | 3 4 |  4.1
Dodging        | 2 3 |  3.2
Armour         | 3 4 |  4.3
Fighting       | 4 |  4.9
Evocations     | 1 2 |  2.5

Action                     |  1- 3 |  4- 6 |  7- 9 || total
---------------------------+-------+-------+-------++-------
  Melee: Hand axe          |    79 |   122 |    68 ||   269
         Punch             |       |     1 |     1 ||     2
  Throw: Stone             |     2 |     2 |    10 ||    14
 Invoke: Trog's Hand       |     1 |     3 |     1 ||     5
         Berserk           |       |     1 |       ||     1
Ability: Begin Untransform |       |     1 |       ||     1
  Evoke: Wand              |       |     1 |     1 ||     2
    Use: Scroll            |     3 |     6 |       ||     9
         Potion            |       |     9 |       ||     9
   Stab: Sleeping          |     1 |       |       ||     1
         Petrifying        |       |       |     1 ||     1
 Armour: Animal skin       |    60 |    11 |       ||    71
         Scale mail        |       |    74 |     7 ||    81
         Plate armour      |       |       |    49 ||    49
  Dodge: Dodged            |    54 |    60 |    26 ||   140
   Form: Serpent           |       |     1 |       ||     1
